 Dungeon Crawl Stone Soup version 0.27.1-34-g3ba077fa99 (webtiles) character file.

Game seed: 8553629925819269669

233 cbfl8 the Covered (level 5, 0/46 HPs)
             Began as a Minotaur Fighter on Jan 14, 2022.
             Was a Follower of Yredelemnul.
             Slain by a mummy (9 damage)
             ... in an ossuary.
             The game lasted 00:07:33 (4204 turns).

cbfl8 the Covered (Minotaur Fighter)                Turns: 4204, Time: 00:07:34

Health: 0/46       AC:  7    Str: 18    XL:     5   Next: 75%
Magic:  4/4        EV:  8    Int:  7    God:    Yredelemnul [*.....]
Gold:   69         SH:  9    Dex: 11    Spells: 4/4 levels left

rFire    . . .     SeeInvis .   l - +4 long sword
rCold    . . .     Faith    .   c - +0 kite shield
rNeg     . . .     Spirit   .   b - +0 scale mail
rPois    .         Reflect  .   (helmet restricted)
rElec    .         Harm     .   (no cloak)
rCorr    .         Rampage  .   (no gloves)
Will     .....                  (no boots)
Stlth    ..........             (no amulet)
HPRegen  0.15/turn              (no ring)
MPRegen  0.09/turn              (no ring)

@: no status effects
A: horns 2, retaliatory headbutt
a: Renounce Religion, Animate Remains


You were in an ossuary.
You worshipped Yredelemnul.
Yredelemnul was aware of your devotion.
You visited 2 branches of the dungeon, and saw 6 of its levels.
You also visited: Ossuary.

You collected 69 gold pieces.

Inventory:

Hand Weapons
 a - a +0 war axe
 l - a +4 long sword (weapon)
 m - a +0 hunting sling
Armour
 b - a +0 scale mail (worn)
 c - a +0 kite shield (worn)
 f - a +0 ring mail
Wands
 n - a wand of flame (10)
Scrolls
 d - 2 scrolls of immolation {unknown}
 g - 3 scrolls of identify {unknown}
 h - a scroll of amnesia {unknown}
Potions
 e - a potion of attraction {unknown}
 i - a potion of invisibility


   Skills:
 + Level 4.3 Fighting
 + Level 0.4 Long Blades
 + Level 3.7 Axes
 + Level 5.6 Armour
 + Level 1.0 Dodging
 + Level 0.4 Stealth
 + Level 4.9 Shields


You had 4 spell levels left.
You didn't know any spells.
Your spell library contained the following spells:

 Spells                   Type           Power      Damage    Failure   Level
 Dispersal                Tloc           0%         N/A       100%        6
 Disjunction              Tloc           0%         N/A       100%        8


Dungeon Overview and Level Annotations

Branches:
Dungeon (5/15)             Temple (1/1) D:5         Ossuary (1/1)

Altars:
Ashenzari
Cheibriados
Dithmenos
Elyvilon
Fedhas
Gozag
Makhleb
Nemelex Xobeh
Qazlal
Ru
Trog
Vehumet
Wu Jian
Xom
Yredelemnul
Jiyva

Shops:
D:1 =


Innate Abilities, Weirdness & Mutations

You have a pair of horns on your head.
You reflexively headbutt those who attack you in melee.


Message History

The orc zombie hits you but does no damage.
It was a potion of invisibility.
You fade into invisibility!
You block the kobold zombie's attack. The goblin zombie closely misses you.
The orc zombie closely misses you.
You are very lightly contaminated with residual magic.
It was a potion of resistance.
You feel protected. You block the mummy's attack.
You block the kobold zombie's attack.
The goblin zombie hits you but does no damage.
It was a potion of cancellation.
Your magical effects are unravelling.
You feel magically purged.
Your magical contamination has completely faded away.
You flicker back into view.
Your resistance to elements expires.
The sentinel's mark upon you fades away.
The orc zombie hits you but does no damage.
The mummy hits you!
* * * LOW HITPOINT WARNING * * *
The kobold zombie hits you but does no damage.
You barely miss the orc zombie. You block the goblin zombie's attack.
The orc zombie misses you. You furiously retaliate!
You headbutt the orc zombie!
You destroy the orc zombie!
Yredelemnul accepts your kill. The kobold zombie barely misses you.
The goblin zombie completely misses you.
You furiously retaliate!
You headbutt the goblin zombie!
You destroy the goblin zombie!
Yredelemnul accepts your kill. The mummy hits you.
* * * LOW HITPOINT WARNING * * *
You hit the hobgoblin zombie.
The hobgoblin zombie is moderately damaged.
You block the kobold zombie's attack.
You block the hobgoblin zombie's attack.
The hobgoblin zombie hits you but does no damage.
The mummy hits you!
You die...
Your body rises from the dead as a mindless zombie.

#....................#
#....................#
#........8..8........#
#....................#
#...######.^######...#
#...# #^.# #...# #...#
#..# #...#
#...#.####Z.####.#...#
#...#...Z@ZZ.....#...#
#...#.####MZ.....#...#
#...# #.......#...#
#...# #.......#...#
#...# #.∩.....#...#
#...# ....+####...#
#...# #...# #...#
#...# #...# #...#
#...##############...#


You could see a mummy, a rat zombie, 2 hobgoblin zombies, a kobold zombie and a
centaur zombie.

Vanquished Creatures
  A phantom (D:4)
  2 iguanas
  A hound skeleton (D:5)
  A mummy (Ossuary)
  An adder (D:2)
  An adder zombie (Ossuary)
  2 dart slugs
  6 orcs
  A giant cockroach (D:1)
  A goblin (D:1)
  3 hobgoblins
  3 jackals (D:1)
  3 kobolds
  3 quokkas
  2 ball pythons
  6 bats
  2 frilled lizards (D:1)
  A goblin zombie (Ossuary)
  6 hobgoblin zombies (Ossuary)
  9 kobold zombies (Ossuary)
  8 orc zombies (Ossuary)
  2 rats (D:1)
  A rat zombie (Ossuary)
66 creatures vanquished.

Vanquished Creatures (others)
  Eustachio (D:4)
  Duvessa (D:4)
  A necrophage (D:5)
  Dowan (D:4)
  A hound (D:4)
  2 jellies (D:4)
  2 adders
  A dart slug (D:3)
  3 bats
  An endoplasm (D:1)
  2 giant cockroaches
  5 goblins
  A hobgoblin (D:4)
  A quokka (D:4)
  4 ball pythons
  A frilled lizard (D:2)
  4 kobolds
  A rat (D:3)
  2 fungi (D:1)
  9 plants (D:1)
44 creatures vanquished.

Grand Total: 110 creatures vanquished

Notes
Turn   | Place    | Note
-------+----------+-------------------------------------------
     0 | D:1      | cbfl8 the Minotaur Fighter began the quest for the Orb.
     0 | D:1      | Reached XP level 1. HP: 19/19 MP: 0/0
   122 | D:1      | Found a faded altar of an unknown god.
   136 | D:1      | Became a worshipper of Jiyva Jakeru the Shapeless
   136 | D:1      | Reached * piety under Jiyva
   177 | D:1      | Reached skill level 4 in Armour
   177 | D:1      | Reached XP level 2. HP: 27/27 MP: 1/1
   297 | D:1      | Found Naseteh's Jewellery Shop.
   726 | D:2      | Reached XP level 3. HP: 7/33 MP: 2/2
  1788 | D:3      | Reached ** piety under Jiyva
  1812 | D:3      | Reached XP level 4. HP: 31/40 MP: 3/3
  2689 | D:4      | Killed Dowan
  2695 | D:4      | Killed Duvessa
  2704 | D:4      | Reached skill level 5 in Armour
  2943 | D:4      | Found a sacrificial altar of Ru.
  2953 | D:4      | Found a sparkling altar of Nemelex Xobeh.
  2962 | D:4      | Killed Eustachio
  2964 | D:4      | Reached *** piety under Jiyva
  2992 | D:4      | Noticed a phantom
  3007 | D:4      | Killed a phantom
  3008 | D:4      | Reached XP level 5. HP: 40/46 MP: 4/4
  3664 | D:5      | Entered Level 5 of the Dungeon
  3667 | D:5      | Killed a necrophage
  3697 | D:5      | Found a staircase to the Ecumenical Temple.
  3708 | Temple   | Entered the Ecumenical Temple
  3806 | Temple   | Fell from the grace of Jiyva
  3806 | Temple   | Became a worshipper of Yredelemnul the Dark
  4028 | D:5      | Found a sand-covered staircase.
  4072 | Ossuary  | Entered an ossuary
  4153 | Ossuary  | Reached * piety under Yredelemnul
  4198 | Ossuary  | Reached skill level 1 in Dodging
  4204 | Ossuary  | Slain by a mummy

Illustrated notes

Levels and vault maps discovered:
D:1:      ebering_trefoil_3fold, layout_basic,
          shapermc_ecumenical_altar_hornbeckon, serial_shops,
          nicolae_diamond_shop, chequers_serial_rivers_micro_b
D:2:      layout_rooms
D:3:      layout_loops_corners
D:4:      layout_loops_ring, mainiacjoe_overflow_large_starburst,
          kennysheep_dice, uniq_eustachio, uniq_duvessa
D:5:      layout_basic, mainiacjoe_overflow_alcove_2, minmay_temple_entry_mist,
          nicolae_ossuary_entry_false_entrances, minmay_strange_pillars,
          minmay_hollow_rounded_squares
Temple:   eino_temple_rhombus
Ossuary:  ossuary_tomb_1

Skill      XL: |  1  2  3  4  5 |
---------------+----------------+-----
Armour         | 4 5 |  5.6
Shields        | 4 |  4.9
Fighting       | 4 |  4.3
Axes           | 3 |  3.7
Dodging        | 1 |  1.0
Long Blades    | |  0.4
Stealth        | |  0.4

Action                   |  1- 3 |  4- 6 || total
-------------------------+-------+-------++-------
Melee: War axe           |    65 |    29 ||    94
       Headbutt          |    14 |    13 ||    27
       Long sword        |       |    44 ||    44
  Use: Potion            |     1 |     3 ||     4
Armor: Scale mail        |    39 |    66 ||   105
Dodge: Dodged            |    29 |    40 ||    69
Block: Kite shield       |    53 |    54 ||   107
       Rpst.: Long sword |       |     3 ||     3
